 Dungeon Crawl Stone Soup version 0.21.0-25-ge575cb9ce8 (webtiles) character file.

858 KamiKatze the Ducker (level 7, -5/38 HPs)
             Began as a Spriggan Berserker on Jan 24, 2018.
             Was an Elder of Trog.
             Killed by divine providence
             ... invoked by an orc priest
              (16 damage)
             ... on level 5 of the Dungeon.
             The game lasted 00:27:10 (6220 turns).

KamiKatze the Ducker (Spriggan Berserker)           Turns: 6220, Time: 00:27:11

Health: -5/38      AC:  3    Str: 15    XL:     7   Next: 71%
Magic:  8/8        EV: 23    Int:  8    God:    Trog [****..]
Gold:   230        SH:  0    Dex: 16    Spells: 6/6 levels left

rFire    + . .     SeeInvis +   a - +0 hand axe
rCold    . . .     Gourm    .   (shield restricted)
rNeg     . . .     Faith    .   d - +0 animal skin
rPois    .         Spirit   .   k - +1 hat
rElec    .         Reflect  .   (no cloak)
rCorr    .         Harm     .   (gloves unavailable)
MR       ++...                  (boots unavailable)
Stlth    +.........             (no amulet)
HPRegen  0.12/turn              f - ring of protection from fire
MPRegen  0.11/turn              j - ring of protection from magic

@: very quick
A: very small, unfitting armour, see invisible, herbivore, speed 3, slow
metabolism 2
a: Berserk, Trog's Hand, Brothers in Arms, Burn Spellbooks, Renounce Religion


You were on level 5 of the Dungeon.
You worshipped Trog.
Trog was greatly pleased with you.
You were not hungry.

You visited 2 branches of the dungeon, and saw 7 of its levels.

You collected 230 gold pieces.

Inventory:

Hand Weapons
 a - a +0 hand axe (weapon)
 b - a +0 blowgun
 q - a +0 hunting sling
 w - a +0 dagger
 y - a +0 war axe
Missiles
 g - 199 stones (quivered)
 o - 11 sling bullets
Armour
 d - a +0 animal skin (worn)
 k - a +1 hat (worn)
 v - a +0 buckler
Jewellery
 f - a ring of protection from fire (left hand)
 j - a ring of protection from magic (right hand)
 m - a +4 ring of intelligence
Wands
 s - a wand of random effects (32)
Scrolls
 e - a scroll of remove curse
 h - a scroll of enchant weapon {unknown}
 i - 4 scrolls of identify
 n - a scroll of blinking {unknown}
 t - a scroll of magic mapping {unknown}
 u - a scroll of amnesia
 x - a scroll of immolation {unknown}
Potions
 c - a potion of heal wounds {unknown}
 p - 3 potions of flight
 r - a potion of haste
 z - 2 potions of ambrosia {unknown}
 B - a potion of lignification {unknown}
Books
 l - a book of Minor Magic

   Spells                             Type                      Level
   a - Magic Dart                     Conjuration                  1
   b - Blink                          Translocation                2
   c - Call Imp                       Summoning                    2
   d - Slow                           Hexes                        2
   e - Conjure Flame                  Conjuration/Fire             3
   f - Mephitic Cloud                 Conjuration/Poison/Air       3
   Trog disapproves of the use of such an item.
Comestibles
 A - 2 rations


   Skills:
 + Level 4.3 Fighting
 * Level 5.7 Axes
 + Level 7.6 Dodging
 * Level 0.0 Shields


You had 6 spell levels left.
You didn't know any spells.

Dungeon Overview and Level Annotations

Branches:
Dungeon (6/15)             Temple (1/1) D:5

Altars:
Ashenzari
Elyvilon
Fedhas
Gozag
Makhleb
Okawaru
Qazlal
Ru
Sif Muna
Trog
Uskayaw
Vehumet
Yredelemnul
Zin
The Shining One

Annotations:
D:4 2 transporters, exclusion: statue, Berahthraban's ghost, weakling GrWz


Innate Abilities, Weirdness & Mutations

You are very small and have problems with some larger weapons.
You are too small for most types of armour.
You have supernaturally acute eyesight. (SInv)
You are a herbivore.
You cover ground extremely quickly.
You need consume almost no food.


Message History

The orc priest looks satisfied for a moment.
You barely miss the orc priest.
The orc priest is almost dead.
You hit the orc but do no damage. The orc closely misses you.
The orc priest misses you.
You barely miss the orc priest.
The orc priest is almost dead.
You hit the orc.
You kill the orc!
Trog accepts your kill. The orc priest hits you with a dagger.
* * * LOW HITPOINT WARNING * * *
You hit the orc priest.
The orc priest is almost dead.
The orc priest misses you.
You barely miss the orc priest.
The orc priest is almost dead.
The orc priest calls down the wrath of Beogh upon you.
Beogh smites you!
You die...

######## ##......## ##........##
#..........# #..........#
#..........# #..........#
#########..........# ####
#......###)@......#######...
#...........o..>............
#...†..##..........######...
#...>..#.......<...# ###.
##.#####...........# #..
#####.#####...........# ####.#
#.................(...####.....
###..........................^.##
..........................#.#.###


You could see an orc priest.

Vanquished Creatures
  A sky beast (D:5)
  A phantom (D:5)
  A centaur (D:5)
  A bullfrog (D:2)
  A scorpion (D:4)
  A howler monkey (D:4)
  2 hounds (D:4)
  A centaur skeleton (D:4)
  An iguana (D:5)
  2 worker ants (D:5)
  3 gnolls (D:5)
  6 adders
  8 river rats (D:5)
  A shadow imp (D:5)
  An ooze (D:4)
  4 worms
  3 dart slugs
  3 leopard geckos
  8 orcs
  A ball python (D:2)
  7 bats
  3 giant cockroaches
  8 goblins
  4 hobgoblins
  2 jackals (D:1)
  6 kobolds
  8 quokkas
  5 frilled lizards
  A giant cockroach zombie (D:6)
  A quokka skeleton (D:4)
  22 rats
117 creatures vanquished.

Notes
Turn   | Place    | Note
-------+----------+-------------------------------------------
     0 | D:1      | KamiKatze the Spriggan Berserker began the quest for the Orb.
     0 | D:1      | Reached XP level 1. HP: 11/11 MP: 2/2
   152 | D:1      | Reached XP level 2. HP: 7/16 MP: 3/3
  1116 | D:2      | Noticed a bullfrog
  1145 | D:2      | Killed a bullfrog
  1145 | D:2      | Reached skill level 5 in Dodging
  1145 | D:2      | Reached XP level 3. HP: 9/20 MP: 4/4
  1145 | D:2      | Reached XP level 4. HP: 10/24 MP: 5/5
  1281 | D:2      | Reached ** piety under Trog
  2514 | D:3      | Reached XP level 5. HP: 23/28 MP: 6/6
  2974 | D:4      | Found a transporter.
  3101 | D:4      | Reached skill level 6 in Dodging
  3122 | D:4      | Reached *** piety under Trog
  3143 | D:4      | Found a bloodstained altar of Trog.
  3144 | D:4      | Found a hide-covered altar of Uskayaw.
  3419 | D:4      | Reached XP level 6. HP: 32/32 MP: 7/7
  3539 | D:4      | Found a transporter.
  3551 | D:4      | Found a radiant altar of Vehumet.
  3565 | D:4      | Found a basalt altar of Yredelemnul.
  3724 | D:4      | Noticed Berahthraban's ghost (weakling GrWz)
  4058 | D:5      | Entered Level 5 of the Dungeon
  4159 | D:5      | Found a blossoming altar of Fedhas.
  4294 | D:5      | Noticed a sky beast
  4385 | D:5      | Killed a sky beast
  4385 | D:5      | Reached skill level 5 in Axes
  4385 | D:5      | Reached XP level 7. HP: 37/37 MP: 8/8
  4492 | D:5      | Found a staircase to the Ecumenical Temple.
  4511 | Temple   | Entered the Ecumenical Temple
  4819 | D:5      | Found a blossoming altar of Fedhas.
  4921 | D:5      | Reached skill level 7 in Dodging
  5643 | D:5      | Found a glowing silver altar of Zin.
  6170 | D:6      | Reached **** piety under Trog
  6220 | D:5      | Killed from afar by an orc priest

Skill      XL: |  1  2  3  4  5  6  7 |
---------------+----------------------+-----
Fighting       | 3 4 |  4.3
Axes           | 3 4 5 |  5.7
Dodging        | 5 6 7 |  7.6

Action                   |  1- 3 |  4- 6 |  7- 9 || total
-------------------------+-------+-------+-------++-------
Melee: Hand axe          |    57 |   279 |   204 ||   540
       Dagger            |     4 |     3 |       ||     7
 Fire: Hunting sling     |       |    60 |    24 ||    84
Throw: Stone             |       |    36 |       ||    36
Invok: Berserk           |     1 |     4 |     2 ||     7
       Trog's Hand       |       |     1 |       ||     1
  Use: Scroll            |       |     5 |     1 ||     6
       Potion            |       |     1 |       ||     1
 Stab: Sleeping          |     1 |     4 |       ||     5
  Eat: Ration            |       |     3 |     2 ||     5
Armor: Animal skin       |     3 |    25 |     3 ||    31
Dodge: Dodged            |    45 |   243 |   180 ||   468
